 Dungeon Crawl Stone Soup version 0.29.0-4-gdea44cf6ec (webtiles) character file.

Game seed: 8780008507075102928

22486 qw the Severer (level 12, -8/115 HPs)
             Began as a Minotaur Fighter on Sept 4, 2022.
             Mangled by a komodo dragon (24 damage)
             ... on level 1 of the Lair of Beasts.
             The game lasted 00:06:01 (12609 turns).

qw the Severer (Minotaur Fighter)                  Turns: 12609, Time: 00:06:02

Health: -8/115     AC: 18    Str: 28    XL:     12   Next: 63%
Magic:  11/11      EV:  9    Int:  5    God:
Gold:   562        SH: 11    Dex: 11    Spells: 11/11 levels left

rFire   + . .      SeeInvis +   n - +0 war axe (vamp)
rCold   + . .      Faith    .   c - +0 buckler
rNeg    . . .      Spirit   .   u - +0 plate armour
rPois   +          Reflect  +   (helmet unavailable)
rElec   .          Harm     .   l - scarf {rC+ rF+}
rCorr   .          Rampage  .   b - +2 pair of gloves {Str+3}
Will    +....                   (no boots)
Stlth   ..........              h - amulet of reflection
HPRegen 0.29/turn               m - +4 ring of slaying {mikee}
MPRegen 0.12/turn               f - ring of see invisible

@: about to teleport
A: horns 3, retaliatory headbutt, strong-willed 1, poison resistance, screaming
1
a: no special abilities


You were on level 1 of the Lair of Beasts.
You visited 3 branches of the dungeon, and saw 14 of its levels.

You collected 769 gold pieces.
You spent 207 gold pieces at shops.


Innate Abilities, Weirdness & Mutations

You have a pair of large horns on your head.
You reflexively headbutt those who attack you in melee.
You are strong-willed. (Will+)
Your system is resistant to poisons. (rPois)
You occasionally shout uncontrollably at your foes.


   Skills:
 + Level 13.0 Fighting
 - Level 16.2 Axes
 - Level 3.1 Throwing
 - Level 11.1 Armour
 - Level 5.0 Dodging
 - Level 9.4 Shields


You had 11 spell levels left.
You didn't know any spells.
Your spell library was empty.

Inventory:

Hand Weapons
 e - a +0 broad axe of flaming
 n - a +0 vampiric war axe (weapon)
Missiles
 v - a boomerang (quivered)
Armour
 b - a +2 pair of gloves of strength (worn)
 c - a +0 buckler (worn)
 k - a +0 cloak of preservation
 l - a scarf of resistance (worn)
 u - a +0 plate armour (worn)
 x - +0 ice dragon scales
Jewellery
 f - a ring of see invisible (right hand)
 h - an amulet of reflection (around neck)
 m - a +4 ring of slaying (left hand) {mikee}
 o - a ring of fire
 t - a +4 ring of evasion
Scrolls
 a - 11 scrolls of identify
 j - 3 scrolls of teleportation
Potions
 d - 3 potions of might
 g - 2 potions of haste
 i - 2 potions of heal wounds
 p - a potion of resistance {unknown}
 q - 7 potions of curing
 r - 4 potions of cancellation
 s - 5 potions of mutation

Dungeon Overview and Level Annotations

Branches:
Dungeon (12/15)            Temple (1/1) D:6            Lair (1/5) D:10
    Orc (0/2) D:10

Altars:
Ashenzari
Cheibriados
Dithmenos
Elyvilon
Fedhas
Gozag
Hepliaklqana
Kikubaaqudgha
Makhleb
Nemelex Xobeh
Okawaru
Qazlal
Ru
Sif Muna
Trog
Uskayaw
Vehumet
Wu Jian
Xom
Yredelemnul
Zin
The Shining One

Shops:
D:4 :!*(*(   D:5 *?   D:11 :(

Annotations:
D:10 2 transporters


Message History

The death yak is almost dead.
You slash the death yak!
You feel better.
You hit the death yak.
You feel better. The death yak barely misses you.
You block the death yak's attack.
The death yak gores you but does no damage.
You slash the death yak!
You kill the death yak!
You hit the death yak.
You feel better.
You hit the death yak. You block the death yak's attack.
The death yak gores you but does no damage.
Your Shields skill increases to level 9!
You barely miss the death yak.
The death yak is heavily wounded.
You hit the death yak.
You feel better.
You closely miss the komodo dragon. You block the komodo dragon's attack.
You slash the death yak! You headbutt the death yak.
The death yak is severely wounded.
You hit the death yak but do no damage.
You hit the komodo dragon but do no damage.
The death yak gores you. x2; The komodo dragon bites you.
You barely miss the death yak.
The death yak is severely wounded.
You hit the death yak but do no damage. You barely miss the komodo dragon.
The death yak gores you but does no damage.
The death yak gores you!
You hit the death yak but do no damage.
The death yak is severely wounded.
You hit the komodo dragon.
You feel better.
You hit the death yak. The komodo dragon bites you.
You barely miss the death yak. You headbutt the death yak!
The death yak is almost dead.
You hit the death yak but do no damage. You completely miss the komodo dragon.
The death yak gores you! The death yak gores you!!
You block the komodo dragon's attack.
12609 ||| READING 4 scrolls of teleportation.
As you read the scroll of teleportation, it crumbles to dust.
You feel strangely unstable. The death yak gores you.
You block the death yak's attack. The komodo dragon bites you!!
You die...

# #...........# ###.
............#########...
#....?...P...##.#..(...#
....P..P...##^.......#
[......7..#..........
7...................
#.YYl..............%
#@...............%
##..............###
#...........#####
###.........#######
##....?....##.#.#
#.PP####..>....# #####
###...... ##.#### ### #


You could see 2 death yaks and a komodo dragon.

Vanquished Creatures
  Josephine (D:10)
  A hydra (D:12)
  A boulder beetle (D:12)
  An ice dragon (D:11)
  2 death yaks (Lair:1)
  Pikel (D:8)
  A cyclops (D:11)
  A manticore (D:12)
  An elephant (D:10)
  Joseph (D:10)
  An ice statue (D:11)
  A gargoyle (D:12)
  2 kobold demonologists (D:9)
  Maggie (D:9)
  3 rime drakes
  An ice devil (D:11)
  2 unseen horrors
  Psyche (D:8)
  2 komodo dragons
  An entropy weaver simulacrum (D:11)
  4 trolls
  A polar bear (D:11)
  2 hornets (D:9)
  3 blink frogs (Lair:1)
  A centaur simulacrum (D:11)
  3 wraiths (D:10)
  3 wyverns
  A steam dragon (D:9)
  23 yaks
  2 vampire mosquitoes (D:7)
  A death yak simulacrum (D:11)
  A harpy simulacrum (D:11)
  2 acid dragons
  4 water moccasins
  2 ice beasts
  7 orc warriors
  2 black bears (D:10)
  An ogre (D:4)
  13 wolves
  A phantom (D:5)
  A centaur (D:10)
  2 lemures (D:8)
  3 kobold brigands
  A necrophage (D:6)
  6 bullfrogs
  2 scorpions
  A gnoll sergeant (D:12)
  11 wights
  10 killer bees
  3 howler monkeys (D:7)
  An electric eel (D:11)
  6 hounds
  3 jellies
  7 orc priests
  A gnoll bouda (D:7)
  2 iguanas
  11 orc wizards
  A polar bear simulacrum (D:11)
  A spriggan simulacrum (D:11)
  A wolf simulacrum (D:11)
  Robin (D:3)
  12 gnolls
  6 adders
  2 shadow imps (D:5)
  A white imp (D:7)
  2 ufetubi (D:6)
  2 worms
  7 dart slugs
  34 orcs
  7 endoplasms
  A giant cockroach (D:2)
  17 goblins
  7 hobgoblins
  10 jackals
  8 quokkas
  8 ball pythons
  5 bats
  3 frilled lizards
  14 kobolds
  5 rats
329 creatures vanquished.

Vanquished Creatures (others)
  An orc (D:11)
  A plant (Lair:1)
2 creatures vanquished.

Grand Total: 331 creatures vanquished

Notes
Turn   | Place    | Note
-------+----------+-------------------------------------------
     0 | D:1      | qw the Minotaur Fighter began the quest for the Orb.
     0 | D:1      | Reached XP level 1. HP: 19/19 MP: 0/0
     0 | D:1      | 0 ||| qw: Version: 0.1-a-103-gd6f5d3a
     0 | D:1      | 0 ||| qw: Game counter: 5574
     0 | D:1      | 0 ||| qw: Always use a shield: true
     0 | D:1      | 0 ||| qw: God list: Ru
     0 | D:1      | 0 ||| qw: Allow faded altars: false
     0 | D:1      | 0 ||| qw: Do Orc after D:15 true
     0 | D:1      | 0 ||| qw: Do second Lair branch before Depths: true
     0 | D:1      | 0 ||| qw: Lair rune preference: random
     0 | D:1      | 0 ||| qw: Plans: Normal
     0 | D:1      | 0 ||| PLANNING D:1-11
   175 | D:1      | Reached skill level 3 in Axes
   217 | D:1      | Reached XP level 2. HP: 25/26 MP: 1/1
   471 | D:1      | 471 ||| DROPPING +0 club.
   472 | D:1      | 472 ||| UPGRADING to amulet of reflection.
   477 | D:1      | 477 ||| READING scroll labelled HAIWAT DALLUI.
   482 | D:1      | 482 ||| DRINKING 2 ruby potions.
   689 | D:2      | Reached skill level 4 in Axes
   702 | D:2      | 702 ||| DROPPING +1 vorpal mace.
   723 | D:2      | Reached XP level 3. HP: 27/31 MP: 2/2
  1272 | D:2      | Found a faded altar of an unknown god.
  1395 | D:2      | Reached skill level 5 in Axes
  1549 | D:2      | 1549 ||| UPGRADING to +0 chain mail.
  1559 | D:2      | 1559 ||| DROPPING +0 scale mail.
  1560 | D:2      | 1560 ||| DROPPING ring of wizardry.
  1561 | D:2      | 1561 ||| READING scroll labelled WYSEOL QYUBEU.
  1562 | D:2      | 1562 ||| READING scroll labelled DIRYMA ONEPTAZ.
  1563 | D:2      | 1563 ||| DRINKING 2 murky silvery potions.
  1564 | D:2      | 1564 ||| DROPPING potion of brilliance.
  1622 | D:3      | 1622 ||| Stepping ~*~*~tactically~*~*~ (hiding).
  1757 | D:3      | Reached XP level 4. HP: 36/39 MP: 3/3
  1770 | D:3      | 1770 ||| Stepping ~*~*~tactically~*~*~ (stealth).
  1771 | D:3      | 1771 ||| Stepping ~*~*~tactically~*~*~ (stealth).
  1787 | D:3      | 1787 ||| Stepping ~*~*~tactically~*~*~ (stealth).
  1788 | D:3      | 1788 ||| Stepping ~*~*~tactically~*~*~ (stealth).
  1795 | D:3      | Reached skill level 1 in Dodging
  2071 | D:3      | 2071 ||| Stepping ~*~*~tactically~*~*~ (stealth).
  2079 | D:3      | 2079 ||| Stepping ~*~*~tactically~*~*~ (stealth).
  2109 | D:3      | 2109 ||| DROPPING +0 flail.
  2236 | D:3      | Noticed Robin
  2245 | D:3      | Reached skill level 6 in Axes
  2251 | D:3      | Killed Robin
  2252 | D:3      | Reached XP level 5. HP: 28/45 MP: 4/4
  2562 | D:3      | 2562 ||| READING scroll labelled LUGOFAKK UTAR.
  2563 | D:3      | 2563 ||| READING 3 scrolls labelled NANOAJ ROTI.
  2564 | D:3      | 2564 ||| DRINKING 2 blue potions.
  2565 | D:3      | 2565 ||| DRINKING 2 murky pink potions.
  2566 | D:3      | 2566 ||| READING 2 scrolls of identify.
  2566 | D:3      | 2566 ||| IDENTIFYING brown potion
  2567 | D:3      | 2567 ||| DROPPING potion of degeneration.
  2568 | D:3      | 2568 ||| DROPPING potion of flight.
  2569 | D:3      | 2569 ||| DROPPING potion of magic.
  2679 | D:4      | Reached skill level 7 in Axes
  2867 | D:4      | Found Bixteow Evad's Weapon Shoppe.
  2877 | D:4      | 2877 ||| BUYING +0 broad axe of flaming (92 gold).
  2877 | D:4      | Bought a +0 broad axe of flaming for 92 gold pieces
  2877 | D:4      | 2877 ||| DROPPING +2 flail of protection.
  2994 | D:4      | Found Zin's Purification Station.
  2997 | D:4      | Found a glowing silver altar of Zin.
  3003 | D:4      | 3003 ||| SHOPLISTING 2 potions of curing (180 gold, have
                  | 132).
  3029 | D:4      | Noticed an ogre
  3030 | D:4      | Found Sezeular's Weapon Shop.
  3040 | D:4      | Killed an ogre
  3041 | D:4      | Reached XP level 6. HP: 31/56 MP: 5/5
  3097 | D:4      | Found Agiabegg's General Store.
  3105 | D:4      | Found Dyem Yfedwef's Distillery.
  3105 | D:4      | Found Ymior's Book Shop.
  3113 | D:4      | 3113 ||| BUYING +0 cloak of preservation (115 gold).
  3113 | D:4      | Bought a +0 cloak of preservation for 115 gold pieces
  3113 | D:4      | 3113 ||| SHOPLISTING +2 scale mail of poison resistance
                  | (180 gold, have 17).
  3113 | D:4      | 3113 ||| SHOPLISTING ring of ice (250 gold, have 17).
  3113 | D:4      | 3113 ||| SHOPLISTING scroll of teleportation (30 gold, have
                  | 17).
  3121 | D:4      | 3121 ||| SHOPLISTING potion of might (48 gold, have 17).
  3121 | D:4      | 3121 ||| SHOPLISTING potion of mutation (96 gold, have 17).
  3385 | D:4      | 3385 ||| UPGRADING to +0 cloak of preservation.
  3390 | D:4      | 3390 ||| DROPPING ring of magical power.
  3391 | D:4      | 3391 ||| UPGRADING to ring of positive energy.
  3392 | D:4      | 3392 ||| READING scroll labelled MITIOMP ASOT.
  3393 | D:4      | 3393 ||| READING scroll labelled HAYWOIR QENEIB.
  3394 | D:4      | 3394 ||| READING 2 scrolls of identify.
  3394 | D:4      | 3394 ||| IDENTIFYING murky grey potion
  3395 | D:4      | 3395 ||| DROPPING potion of lignification.
  3446 | D:5      | Entered Level 5 of the Dungeon
  3447 | D:5      | 3447 ||| STAIRDANCE
  3570 | D:5      | Reached skill level 8 in Axes
  3574 | D:5      | 3574 ||| Stepping ~*~*~tactically~*~*~ (stealth).
  3575 | D:5      | 3575 ||| Stepping ~*~*~tactically~*~*~ (stealth).
  3660 | D:5      | 3660 ||| Stepping ~*~*~tactically~*~*~ (hiding).
  3730 | D:5      | Reached XP level 7. HP: 60/61 MP: 6/6
  3830 | D:5      | Found Upomikaz's Magic Scroll Emporium.
  3836 | D:5      | 3836 ||| SHOPLISTING scroll of brand weapon (133 gold, have
                  | 53).
  3836 | D:5      | 3836 ||| SHOPLISTING scroll of enchant weapon (105 gold,
                  | have 53).
  3836 | D:5      | 3836 ||| Stepping ~*~*~tactically~*~*~ (hiding).
  3893 | D:5      | Found Beafyc's Bounteous Boutique.
  4009 | D:5      | Found a glowing golden altar of the Shining One.
  4016 | D:5      | Reached skill level 9 in Axes
  4017 | D:5      | Found a sparkling altar of Nemelex Xobeh.
  4030 | D:5      | Found a shimmering altar of Xom.
  4165 | D:5      | 4165 ||| Stepping ~*~*~tactically~*~*~ (stealth).
  4170 | D:5      | 4170 ||| Stepping ~*~*~tactically~*~*~ (stealth).
  4218 | D:5      | 4218 ||| READING scroll labelled HAGAGGOQUM.
  4218 | D:5      | Identified a scroll of acquirement
  4218 | D:5      | 4218 ||| ACQUIRING +2 pair of gloves of strength
  4218 | D:5      | Acquired a +2 pair of gloves of strength
  4220 | D:5      | 4220 ||| UPGRADING to +2 pair of gloves of strength.
  4225 | D:5      | 4225 ||| READING scroll labelled XEFFIRIZXE.
  4226 | D:5      | 4226 ||| DRINKING 2 emerald potions.
  4227 | D:5      | 4227 ||| READING 2 scrolls of identify.
  4227 | D:5      | 4227 ||| IDENTIFYING dark potion
  4228 | D:5      | 4228 ||| READING scroll of teleportation.
  4338 | D:6      | Identified the +6 spear of Zor Pui {vorpal, rPois rF+ Will+
                  | Int+4}
  4507 | D:6      | Found a radiant altar of Vehumet.
  4674 | D:6      | Reached skill level 10 in Axes
  4730 | D:6      | Noticed a yak
  4735 | D:6      | Noticed a yak
  4737 | D:6      | Noticed a yak
  4741 | D:6      | Noticed a yak
  4747 | D:6      | Killed a yak
  4749 | D:6      | Killed a yak
  4750 | D:6      | Reached skill level 6 in Fighting
  4750 | D:6      | Reached XP level 8. HP: 70/70 MP: 7/7
  4754 | D:6      | Reached skill level 3 in Dodging
  4972 | D:6      | Reached skill level 11 in Axes
  5098 | D:6      | Found a staircase to the Ecumenical Temple.
  5099 | D:6      | 5099 ||| PLANNING TEMPLE
  5099 | D:6      | 5099 ||| UPGRADING to scarf of resistance.
  5109 | D:6      | 5109 ||| UPGRADING to ring of see invisible.
  5115 | Temple   | Entered the Ecumenical Temple
  5356 | Temple   | 5356 ||| PLANNING D:1-11
  5491 | D:7      | 5491 ||| Stepping ~*~*~tactically~*~*~ (stealth).
  5601 | D:7      | 5601 ||| FLEEEEING.
  5602 | D:7      | 5602 ||| FLEEEEING.
  5603 | D:7      | 5603 ||| FLEEEEING.
  5604 | D:7      | 5604 ||| FLEEEEING.
  5605 | D:7      | 5605 ||| FLEEEEING.
  5606 | D:7      | 5606 ||| FLEEEEING.
  5607 | D:7      | 5607 ||| FLEEEEING.
  5608 | D:7      | 5608 ||| FLEEEEING.
  5609 | D:7      | 5609 ||| FLEEEEING.
  5610 | D:7      | 5610 ||| FLEEEEING.
  5612 | D:7      | 5612 ||| FLEEEEING.
  5613 | D:7      | 5613 ||| FLEEEEING.
  5614 | D:7      | 5614 ||| FLEEEEING.
  5697 | D:7      | 5697 ||| Stepping ~*~*~tactically~*~*~ (stealth).
  5699 | D:7      | 5699 ||| Stepping ~*~*~tactically~*~*~ (hiding).
  5705 | D:7      | Reached skill level 12 in Axes
  5707 | D:7      | 5707 ||| Stepping ~*~*~tactically~*~*~ (hiding).
  5775 | D:7      | Reached XP level 9. HP: 78/78 MP: 8/8
  5809 | D:7      | 5809 ||| Stepping ~*~*~tactically~*~*~ (stealth).
  6022 | D:7      | Found a blossoming altar of Fedhas.
  6295 | D:7      | 6295 ||| UPGRADING to +0 plate armour.
  6305 | D:7      | 6305 ||| DROPPING +0 chain mail.
  6306 | D:7      | 6306 ||| READING scroll labelled SEN BOL MYLA.
  6307 | D:7      | 6307 ||| DRINKING 2 amethyst potions.
  6408 | D:7      | 6408 ||| DRINKING 3 inky potions.
  6408 | D:7      | Gained mutation: You are strong-willed. (Will+) [potion of
                  | mutation]
  6408 | D:7      | Gained mutation: You occasionally shout uncontrollably at
                  | your foes. [potion of mutation]
  6408 | D:7      | Gained mutation: You have a pair of large horns on your
                  | head. [potion of mutation]
  6408 | D:7      | Gained mutation: Your system is resistant to poisons.
                  | (rPois) [potion of mutation]
  6409 | D:7      | 6409 ||| DRINKING 2 sapphire potions.
  6410 | D:7      | 6410 ||| READING 3 scrolls of identify.
  6410 | D:7      | 6410 ||| IDENTIFYING red potion
  6411 | D:7      | 6411 ||| DROPPING potion of ambrosia.
  6412 | D:7      | 6412 ||| DROPPING potion of attraction.
  6455 | D:8      | Noticed Psyche
  6463 | D:8      | Killed Psyche
  6464 | D:8      | Reached skill level 6 in Armour
  6514 | D:8      | Reached skill level 13 in Axes
  6731 | D:8      | Noticed Pikel
  6731 | D:8      | 6731 ||| Stepping ~*~*~tactically~*~*~ (stealth).
  6770 | D:8      | Killed Pikel
  6929 | D:8      | 6929 ||| FLEEEEING.
  6930 | D:8      | 6930 ||| FLEEEEING.
  6932 | D:8      | 6932 ||| FLEEEEING.
  6933 | D:8      | 6933 ||| FLEEEEING.
  6934 | D:8      | 6934 ||| FLEEEEING.
  6935 | D:8      | 6935 ||| FLEEEEING.
  6936 | D:8      | 6936 ||| FLEEEEING.
  6937 | D:8      | 6937 ||| FLEEEEING.
  6938 | D:8      | 6938 ||| FLEEEEING.
  6939 | D:8      | 6939 ||| FLEEEEING.
  6941 | D:8      | 6941 ||| FLEEEEING.
  6942 | D:8      | 6942 ||| FLEEEEING.
  6943 | D:8      | 6943 ||| FLEEEEING.
  6944 | D:8      | 6944 ||| FLEEEEING.
  6945 | D:8      | 6945 ||| FLEEEEING.
  6946 | D:8      | 6946 ||| FLEEEEING.
  6947 | D:8      | 6947 ||| FLEEEEING.
  6948 | D:8      | 6948 ||| FLEEEEING.
  6949 | D:8      | 6949 ||| FLEEEEING.
  6950 | D:8      | 6950 ||| FLEEEEING.
  6951 | D:8      | 6951 ||| STAIRDANCE
  7016 | D:7      | 7016 ||| UPGRADING to +4 ring of slaying {mikee}.
  7020 | D:8      | 7020 ||| STAIRDANCE
  7025 | D:8      | 7025 ||| STAIRDANCE
  7136 | D:8      | 7136 ||| Stepping ~*~*~tactically~*~*~ (stealth).
  7378 | D:9      | Reached XP level 10. HP: 90/90 MP: 9/9
  7384 | D:9      | 7384 ||| Stepping ~*~*~tactically~*~*~ (stealth).
  7643 | D:9      | Noticed Maggie
  7644 | D:9      | 7644 ||| Stepping ~*~*~tactically~*~*~ (hiding).
  7651 | D:9      | Killed Maggie
  7652 | D:9      | Reached skill level 14 in Axes
  7820 | D:9      | 7820 ||| Stepping ~*~*~tactically~*~*~ (stealth).
  7822 | D:9      | 7822 ||| Stepping ~*~*~tactically~*~*~ (stealth).
  7824 | D:9      | 7824 ||| Stepping ~*~*~tactically~*~*~ (hiding).
  7837 | D:9      | 7837 ||| Stepping ~*~*~tactically~*~*~ (hiding).
  7849 | D:9      | 7849 ||| Stepping ~*~*~tactically~*~*~ (hiding).
  7854 | D:9      | 7854 ||| Stepping ~*~*~tactically~*~*~ (hiding).
  7859 | D:9      | Reached skill level 15 in Axes
  7973 | D:9      | Reached skill level 9 in Fighting
  8165 | D:9      | 8165 ||| READING scroll labelled QIODWO OPTAS.
  8180 | D:10     | Entered Level 10 of the Dungeon
  8183 | D:10     | 8183 ||| STAIRDANCE
  8193 | D:9      | Reached skill level 16 in Axes
  8197 | D:10     | 8197 ||| STAIRDANCE
  8205 | D:10     | Noticed an elephant
  8206 | D:10     | 8206 ||| STAIRDANCE
  8209 | D:9      | Reached skill level 6 in Shields
  8233 | D:10     | 8233 ||| STAIRDANCE
  8237 | D:10     | Killed an elephant
  8237 | D:10     | Noticed Joseph
  8238 | D:10     | Reached XP level 11. HP: 97/97 MP: 10/10
  8254 | D:10     | Killed Joseph
  8332 | D:10     | 8332 ||| Stepping ~*~*~tactically~*~*~ (hiding).
  8339 | D:10     | Reached skill level 1 in Throwing
  8367 | D:10     | Reached skill level 9 in Armour
  8376 | D:10     | Found a staircase to the Orcish Mines.
  8427 | D:10     | Found a staircase to the Lair.
  8469 | D:10     | Noticed Josephine
  8479 | D:10     | Killed Josephine
  8777 | D:10     | Found a transporter.
  8782 | D:10     | Noticed a deep elf archer
  8783 | D:10     | Found a transporter.
  8791 | D:10     | Found a white marble altar of Elyvilon.
  8791 | D:10     | Found a sacrificial altar of Ru.
  8820 | D:10     | 8820 ||| Stepping ~*~*~tactically~*~*~ (hiding).
  8945 | D:10     | Found a hide-covered altar of Uskayaw.
  9002 | D:10     | 9002 ||| DROPPING ring of positive energy.
  9014 | D:11     | 9014 ||| STAIRDANCE
  9127 | D:11     | 9127 ||| FLEEEEING.
  9128 | D:11     | 9128 ||| FLEEEEING.
  9129 | D:11     | 9129 ||| FLEEEEING.
  9139 | D:11     | 9139 ||| STAIRDANCE
  9339 | D:11     | Found Unesch's Book Shoppe.
  9402 | D:11     | 9402 ||| Stepping ~*~*~tactically~*~*~ (hiding).
  9773 | D:11     | 9773 ||| FLEEEEING.
  9983 | D:11     | 9983 ||| Stepping ~*~*~tactically~*~*~ (stealth).
  9986 | D:11     | 9986 ||| Stepping ~*~*~tactically~*~*~ (stealth).
  9990 | D:11     | 9990 ||| Stepping ~*~*~tactically~*~*~ (stealth).
  9994 | D:11     | 9994 ||| Stepping ~*~*~tactically~*~*~ (stealth).
  9995 | D:11     | 9995 ||| Stepping ~*~*~tactically~*~*~ (stealth).
 10035 | D:11     | 10035 ||| Stepping ~*~*~tactically~*~*~ (stealth).
 10036 | D:11     | 10036 ||| Stepping ~*~*~tactically~*~*~ (stealth).
 10066 | D:11     | 10066 ||| Stepping ~*~*~tactically~*~*~ (stealth).
 10080 | D:11     | 10080 ||| Stepping ~*~*~tactically~*~*~ (water).
 10096 | D:11     | 10096 ||| FLEEEEING.
 10097 | D:11     | 10097 ||| FLEEEEING.
 10099 | D:11     | 10099 ||| FLEEEEING.
 10101 | D:11     | 10101 ||| FLEEEEING.
 10103 | D:11     | 10103 ||| FLEEEEING.
 10104 | D:11     | 10104 ||| FLEEEEING.
 10105 | D:11     | 10105 ||| FLEEEEING.
 10106 | D:11     | 10106 ||| FLEEEEING.
 10107 | D:11     | 10107 ||| FLEEEEING.
 10108 | D:11     | 10108 ||| FLEEEEING.
 10109 | D:11     | 10109 ||| FLEEEEING.
 10116 | D:11     | 10116 ||| FLEEEEING.
 10117 | D:11     | 10117 ||| FLEEEEING.
 10118 | D:11     | 10118 ||| FLEEEEING.
 10119 | D:11     | 10119 ||| FLEEEEING.
 10120 | D:11     | 10120 ||| FLEEEEING.
 10121 | D:11     | 10121 ||| FLEEEEING.
 10122 | D:11     | 10122 ||| FLEEEEING.
 10123 | D:11     | 10123 ||| FLEEEEING.
 10124 | D:11     | 10124 ||| FLEEEEING.
 10125 | D:11     | 10125 ||| FLEEEEING.
 10126 | D:11     | 10126 ||| FLEEEEING.
 10130 | D:11     | 10130 ||| FLEEEEING.
 10131 | D:11     | 10131 ||| FLEEEEING.
 10133 | D:11     | 10133 ||| FLEEEEING.
 10134 | D:11     | 10134 ||| FLEEEEING.
 10135 | D:11     | 10135 ||| FLEEEEING.
 10136 | D:11     | 10136 ||| FLEEEEING.
 10137 | D:11     | 10137 ||| FLEEEEING.
 10138 | D:11     | 10138 ||| FLEEEEING.
 10139 | D:11     | 10139 ||| FLEEEEING.
 10265 | D:11     | Found Kuelulo's Weapon Emporium.
 10286 | D:11     | 10286 ||| Stepping ~*~*~tactically~*~*~ (stealth).
 10290 | D:11     | 10290 ||| Stepping ~*~*~tactically~*~*~ (stealth).
 10331 | D:11     | Reached skill level 12 in Fighting
 10341 | D:11     | Noticed an ice dragon
 10353 | D:11     | Killed an ice dragon
 10354 | D:11     | Reached XP level 12. HP: 100/112 MP: 11/11
 10365 | D:11     | 10365 ||| Stepping ~*~*~tactically~*~*~ (water).
 10369 | D:11     | 10369 ||| READING scroll labelled NIJURU MAWK.
 10370 | D:11     | 10370 ||| READING scroll labelled YTENEZIGOI.
 10371 | D:11     | 10371 ||| Stepping randomly (cloudy).
 11108 | D:12     | Noticed an eight-headed hydra
 11110 | D:12     | 11110 ||| SWAPPING to +0 broad axe of flaming.
 11116 | D:12     | Killed a four-headed hydra
 11117 | D:12     | 11117 ||| SWAPPING to +0 vampiric war axe.
 11310 | D:12     | 11310 ||| Stepping ~*~*~tactically~*~*~ (hiding).
 11422 | D:12     | Noticed a boulder beetle
 11454 | D:12     | Killed a boulder beetle
 11619 | D:12     | 11619 ||| READING scroll labelled GYTURA LOASIM.
 11834 | D:11     | 11834 ||| READING 5 scrolls of teleportation.
 11835 | D:11     | 11835 ||| PLANNING LAIR
 11918 | Lair:1   | Entered Level 1 of the Lair of Beasts
 12010 | Lair:1   | Identified the +4 leather armour of Elyvilon's Approval
                  | {Contam Regen+ Str+4}
 12174 | Lair:1   | Identified the +1 leather armour of Hedge Wizardry {Dex+6}
 12432 | Lair:1   | 12432 ||| Stepping ~*~*~tactically~*~*~ (stealth).
 12433 | Lair:1   | 12433 ||| Stepping ~*~*~tactically~*~*~ (stealth).
 12441 | Lair:1   | Reached skill level 3 in Throwing
 12586 | Lair:1   | Noticed a death yak
 12586 | Lair:1   | Noticed a death yak
 12586 | Lair:1   | Noticed a death yak
 12589 | Lair:1   | Noticed a death yak
 12597 | Lair:1   | Killed a death yak
 12603 | Lair:1   | Killed a death yak
 12604 | Lair:1   | Reached skill level 9 in Shields
 12608 | Lair:1   | HP: 16/115 [death yak (18)]
 12609 | Lair:1   | 12609 ||| READING 4 scrolls of teleportation.
 12609 | Lair:1   | Mangled by a komodo dragon

Levels and vault maps discovered:
D:1:      nicolae_arrival_memento_mori, layout_rooms,
          chequers_serial_rivers_small_3
D:2:      kennysheep_six_static_rooms, layout_loops_ring,
          ebering_ecumenical_altar_abandoned
D:3:      layout_basic, minmay_fractal_squares_diagonal_5, uniq_robin
D:4:      layout_loops_ring, zin_purify, serial_shops,
          nicolae_shop_advertising_works [nicolae_subvault_shop_adworks],
          minmay_shop_grid_forest
D:5:      layout_loops_ring, minmay_overflow_temple_star_quad,
          nicolae_stop_n_shop_2, nicolae_alphabet_shops
D:6:      layout_loops_corners, mainiacjoe_overflow_paths,
          minmay_temple_entry_fiery, amcnicky_mini_pool_small,
          minmay_fountain_box
D:7:      layout_loops_ring, kennysheep_mini
D:8:      layout_loops_cross, uniq_psyche, uniq_pikel
D:9:      layout_irregular_city, uniq_maggie
D:10:     layout_big_octagon, general_overflow_altar,
          gammafunk_temple_overflow_arena, david_lair_generic, david_orc_4,
          uniq_josephine, uniq_joseph
D:11:     dreamdust_isle_of_ice, layout_irregular_city, serial_shops,
          nicolae_take_the_stairs, shop, minmay_crystal_water
D:12:     layout_rooms
Temple:   oiseaux_autumnal_temple
Lair:1:   layout_layer_cave, grunt_forest_small_clearings, beast_lair_carwin_7,
          lemuel_fruit_tree

Skill      XL: |  1  2  3  4  5  6  7  8  9 10 11 12 |
---------------+-------------------------------------+-----
Axes           | 3 4 5 6 7 8 10 12 13 16 | 16.2
Dodging        | 1 3 4 5 |  5.0
Fighting       | 5 6 8 9 12 13 | 13.0
Armour         | 4 6 7 10 11 | 11.1
Shields        | 4 5 6 7 9 |  9.4
Throwing       | 2 3 |  3.1

Action                   |  1- 3 |  4- 6 |  7- 9 | 10-12 || total
-------------------------+-------+-------+-------+-------++-------
Melee: War axe           |    92 |   126 |   235 |   399 ||   852
       Headbutt          |     9 |    22 |    35 |    94 ||   160
       Broad axe         |       |       |       |     4 ||     4
Throw: Boomerang         |    32 |    13 |       |    75 ||   120
  Use: Scroll            |     3 |     6 |     6 |     6 ||    21
       Potion            |     2 |     2 |     4 |       ||     8
Armor: Scale mail        |    25 |       |       |       ||    25
       Chain mail        |    12 |    48 |    43 |       ||   103
       Plate armour      |       |       |    23 |   163 ||   186
Dodge: Dodged            |    24 |    31 |    57 |    99 ||   211
Block: Buckler           |    36 |    64 |    74 |   173 ||   347
       Reflection        |       |       |       |     4 ||     4

Table legend:
 A = Non-vault XP
 B = Vault XP
 C = Vault XP percentage of total XP
 D = Non-vault monster count
 E = Vault monster count
 F = Vault count percentage of total count
                 A         B        C        D         E       F
            +---------+---------+-------+---------+---------+-------
      Total |   21072 |   11052 |  34.4 |     247 |      81 |  24.7
            +---------+---------+-------+---------+---------+-------
        D:1 |      22 |       0 |   0.0 |      14 |       0 |   0.0
        D:2 |      51 |      12 |  19.0 |      21 |       6 |  22.2
        D:3 |      68 |      47 |  40.9 |      21 |      17 |  44.7
        D:4 |     301 |       0 |   0.0 |      15 |       0 |   0.0
        D:5 |     443 |       0 |   0.0 |      15 |       0 |   0.0
        D:6 |    1416 |       0 |   0.0 |      13 |       0 |   0.0
        D:7 |    1322 |       0 |   0.0 |      32 |       0 |   0.0
        D:8 |     786 |    1021 |  56.5 |      14 |       2 |  12.5
        D:9 |    4807 |     370 |   7.1 |      37 |       1 |   2.6
       D:10 |    2352 |    3713 |  61.2 |      22 |      27 |  55.1
       D:11 |    2148 |    4202 |  66.2 |      17 |      17 |  50.0
       D:12 |    3741 |       0 |   0.0 |      13 |       0 |   0.0
     Lair:1 |    3615 |    1687 |  31.8 |      13 |      11 |  45.8
            +---------+---------+-------+---------+---------+-------
